 Dungeon Crawl Stone Soup version 0.29-a0-459-g97dee8cd24 (webtiles) character file.

Game seed: 1792796215770702746

12094 croobank the Rich (level 11, -5/133 HPs)
             Began as a Gnoll Fighter on May 20, 2022.
             Was an Initiate of Gozag.
             Slain by a skeletal warrior
             ... wielding a +0 battleaxe
              (16 damage)
             ... on level 11 of the Dungeon.
             The game lasted 00:43:05 (10696 turns).

croobank the Rich (Gnoll Fighter)                  Turns: 10696, Time: 00:43:05

Health: -5/133     AC: 13    Str: 21    XL:     11   Next: 88%
Magic:  21/21      EV: 12    Int: 11    God:    Gozag
Gold:   1299       SH:  0    Dex: 11    Spells: 18/23 levels left

rFire   . . .      SeeInvis .   j - +2 short sword (holy)
rCold   . . .      Faith    .   (no shield)
rNeg    . . .      Spirit   .   I - +0 scale mail
rPois   +          Reflect  .   h - +2 helmet
rElec   .          Harm     .   (no cloak)
rCorr   +          Rampage  .   V - +0 pair of gloves
Will    .....                   (no boots)
Stlth   ..........              G - amulet of regeneration
HPRegen 1.12/turn               N - ring of resist corrosion
MPRegen 0.17/turn               X - ring "Siashuu" {rPois Int+4}

@: berserking (expiring), studying Invocations, very quick
A: fangs 1, strong nose, distributed training
a: Renounce Religion, Potion Petition, Call Merchant, Bribe Branch


You were on level 11 of the Dungeon.
You worshipped Gozag.
Gozag was most pleased with you.
You visited 2 branches of the dungeon, and saw 13 of its levels.
You also visited: Sewer.

You collected 2314 gold pieces.
You spent 901 gold pieces at shops.
You paid 114 gold pieces to Gozag.

Inventory:

Hand Weapons
 a - a +1 vampiric war axe
 b - a +2 hunting sling of flaming
 j - a +2 short sword of holy wrath (weapon)
 o - a +0 broad axe
 p - a +2 whip of venom
 u - a +3 vorpal scythe
 F - a +0 scimitar
 H - the +1 whip of the Coward {freeze, rF+ Dex+3}
   (You found it on level 7 of the Dungeon)

   It freezes those it strikes, dealing additional cold damage.
   It can also slow down cold-blooded creatures.
   Dex:       It affects your dexterity (+3).
   rF:        It protects you from fire.
 J - a +2 spectral quarterstaff
 K - a +3 battleaxe
 Q - a +4 great sword
 R - a +5 short sword
Missiles
 i - 221 stones
 s - 44 poisoned darts (quivered)
 y - 5 boomerangs
 L - 2 silver boomerangs
Armour
 c - a +1 buckler
 g - a +0 ring mail
 h - a +2 helmet (worn)
 l - a +0 leather armour
 m - a +0 chain mail
 D - a +0 leather armour of poison resistance
 E - a +2 robe of fire resistance
 I - a +0 scale mail (worn)
 V - a +0 pair of gloves (worn)
Jewellery
 z - a ring of positive energy
 G - an amulet of regeneration (around neck)
 N - a ring of resist corrosion (left hand)
 X - the ring "Siashuu" (right hand) {rPois Int+4}
   (You bought it in a shop on level 11 of the Dungeon)

   [ring of poison resistance]

   Int:       It affects your intelligence (+4).
   rPois:     It protects you from poison.
 Z - a ring of protection from fire
Wands
 f - a wand of paralysis (3)
 n - a wand of flame (6)
 x - a wand of polymorph (7)
 C - a wand of digging (5)
Scrolls
 e - 6 scrolls of teleportation
 w - a scroll of immolation
 M - a scroll of torment
 O - a scroll of noise
 S - a scroll of magic mapping
 T - a scroll of fear
 W - a scroll of identify
Potions
 d - 2 potions of curing
 k - 3 potions of attraction
 q - a potion of heal wounds
 r - 2 potions of haste
 t - a potion of ambrosia
 v - 2 potions of invisibility
 A - a potion of mutation
 B - a potion of lignification
 P - 3 potions of resistance
 Y - a potion of cancellation {unknown}


   Skills:
 + Level 9.4 Fighting
 + Level 6.7 Short Blades
 + Level 6.7 Long Blades
 + Level 8.2 Axes
 + Level 6.7 Maces & Flails
 + Level 6.7 Polearms
 + Level 6.7 Staves
 + Level 6.7 Slings
 + Level 6.7 Bows
 + Level 6.7 Crossbows
 + Level 6.7 Throwing
 + Level 9.4 Armour
 + Level 6.7 Dodging
 + Level 6.7 Stealth
 + Level 9.4 Shields
 + Level 6.7 Unarmed Combat
 + Level 6.7 Spellcasting
 + Level 5.5 Conjurations
 + Level 5.5 Hexes
 + Level 5.5 Summonings
 + Level 5.5 Necromancy
 + Level 5.5 Translocations
 + Level 5.5 Transmutations
 + Level 5.5 Fire Magic
 + Level 5.5 Ice Magic
 + Level 5.5 Air Magic
 + Level 5.5 Earth Magic
 + Level 5.5 Poison Magic
 + Level 9.7 Invocations
 + Level 6.7 Evocations


You had 18 spell levels left.
You knew the following spells:

 Your Spells              Type           Power      Damage    Failure   Level
a - Ensorcelled Hibernat  Hex/Ice        30%        N/A       6%          2
b - Mephitic Cloud        Conj/Pois/Air  15%        N/A       12%         3

Your spell library contained the following spells:

 Spells                   Type           Power      Damage    Failure   Level
 Magic Dart               Conj           60%        1d6       4%          1
 Call Imp                 Summ           15%        N/A       6%          2
 Scorch                   Fire           30%        2d6       6%          2
 Spider Form              Tmut/Pois      15%        N/A       12%         3
 Anguish                  Hex/Necr       7%         N/A       38%         4
 Flame Wave               Conj/Fire      15%        2d6       38%         4
 Summon Cactus Giant      Summ           7%         N/A       99%         6


Dungeon Overview and Level Annotations

Branches:
Dungeon (12/15)            Temple (1/1) D:4            Lair (0/6) D:11
    Orc (0/2) D:11          Sewer (visited)

Altars:
Cheibriados
Dithmenos
Fedhas
Gozag
Nemelex Xobeh
Okawaru
Qazlal
Ru
Trog
Vehumet
Xom
Yredelemnul
The Shining One

Shops:
D:1 (   D:4 =   D:6 [   D:11 ==

Portals:
Trove: D:11 (show slimy rune of Zot)

Annotations:
D:5 1 runed translucent door, Crazy Yiuf
D:8 3 runed translucent doors, deadleaves's ghost, novice DESu


Innate Abilities, Weirdness & Mutations

You have very sharp teeth.
Your uncanny sense of smell can sniff out nearby items.
Your experience applies equally to all skills.


Message History

The skeletal warrior hits you but does no damage.
You hit the skeletal warrior but do no damage.
The skeletal warrior is lightly damaged.
The skeletal warrior closely misses you.
You hit the skeletal warrior but do no damage.
The skeletal warrior is lightly damaged.
The skeletal warrior hits you with a +0 battleaxe!!
* * * LOW HITPOINT WARNING * * *
Okay, then.
A red film seems to cover your vision as you go berserk!
You feel yourself moving faster!
You feel mighty!
The skeletal warrior closely misses you.
You hit the skeletal warrior but do no damage.
You hit the skeletal warrior but do no damage.
The skeletal warrior closely misses you.
You puncture the skeletal warrior!
The skeletal warrior convulses!
The skeletal warrior is moderately damaged.
You hit the skeletal warrior.
The skeletal warrior convulses.
The skeletal warrior is moderately damaged.
The skeletal warrior hits you with a +0 battleaxe!!
* * * LOW HITPOINT WARNING * * *
You hit the skeletal warrior.
The skeletal warrior convulses.
The skeletal warrior is heavily damaged.
You puncture the skeletal warrior!
The skeletal warrior convulses!
The skeletal warrior is severely damaged.
The skeletal warrior hits you with a +0 battleaxe!
* * * LOW HITPOINT WARNING * * *
Okay, then.
You climb upwards.
You feel a strong urge to attack something.
There is a stone staircase leading down here.
You are too berserk!
You are too berserk!
Unknown command.
You hit the skeletal warrior.
The skeletal warrior convulses.
You bite the skeletal warrior, but do no damage.
The skeletal warrior is almost destroyed.
The skeletal warrior hits you with a +0 battleaxe!
You die...
Your body crumbles into a pile of gold.

..## #......#
#............
...# #......#
#............
...# #......#
#............
...#######......#
#............
................#
#..####......
....#######.....#
#..# #######
##..#
#.....#####..# #
#..#
#.....z......# #
#..#
#.....@......# #
####
##############


You could see a skeletal warrior.

Vanquished Creatures
  A centaur warrior (D:12)
  2 two-headed ogres (D:11)
  A cyclops (D:10)
  Joseph (D:8)
  2 trolls
  2 polar bears (D:10)
  A centaur simulacrum (D:10)
  2 wraiths
  Sigmund (D:4)
  A wyvern (D:9)
  2 vampires (D:11)
  5 shadows
  9 yaks
  2 steam dragons
  A swamp worm (D:9)
  2 wargs
  3 two-headed ogre zombies (D:11)
  2 acid dragons
  3 water moccasins
  3 orc warriors
  A sky beast (D:7)
  5 ice beasts
  A black bear (D:4)
  An ogre (D:3)
  2 wolves
  3 centaurs
  3 kobold brigands
  3 bullfrogs (D:8)
  2 necrophages
  2 gnoll sergeants (D:9)
  3 scorpions
  10 wights
  2 troll zombies (D:11)
  4 electric eels (D:10)
  3 howler monkeys
  2 hounds (D:6)
  3 jellies
  10 orc priests
  5 iguanas
  Ijyb (D:3)
  7 orc wizards
  3 ogre zombies (D:11)
  3 adders
  11 gnolls
  4 white imps
  An ufetubus (D:7)
  An adder skeleton (D:2)
  4 worms
  A dart slug (D:1)
  23 orcs
  9 ball pythons
  5 endoplasms
  6 giant cockroaches
  5 goblins
  4 hobgoblins
  3 jackals
  25 kobolds
  5 quokkas (D:5)
  A ball python zombie (D:2)
  4 bats
  A frilled lizard (D:1)
  A goblin skeleton (D:11)
  7 goblin zombies (D:11)
  4 hobgoblin zombies (D:11)
  2 orc skeletons (D:11)
  9 orc zombies (D:11)
  A quokka skeleton (D:2)
  A quokka zombie (D:2)
  2 rats (D:1)
265 creatures vanquished.

Vanquished Creatures (others)
  An orc wizard (D:4)
  A goblin zombie (D:11)
  4 plants (D:9)
6 creatures vanquished.

Grand Total: 271 creatures vanquished

Notes
Turn   | Place    | Note
-------+----------+-------------------------------------------
     0 | D:1      | croobank the Gnoll Fighter began the quest for the Orb.
     0 | D:1      | Reached XP level 1. HP: 23/23 MP: 1/1
   158 | D:1      | Reached XP level 2. HP: 29/29 MP: 2/2
   336 | D:1      | Found Fyenal's Antique Weapon Shop.
   578 | D:2      | Reached XP level 3. HP: 34/35 MP: 3/3
   812 | D:2      | Reached skill level 1 in Invocations
   852 | D:2      | Found a faded altar of an unknown god.
  1265 | D:3      | Reached skill level 1 in Short Blades
  1265 | D:3      | Reached skill level 1 in Long Blades
  1265 | D:3      | Reached skill level 1 in Maces & Flails
  1265 | D:3      | Reached skill level 1 in Polearms
  1265 | D:3      | Reached skill level 1 in Staves
  1265 | D:3      | Reached skill level 1 in Slings
  1265 | D:3      | Reached skill level 1 in Bows
  1265 | D:3      | Reached skill level 1 in Crossbows
  1265 | D:3      | Reached skill level 1 in Throwing
  1265 | D:3      | Reached skill level 1 in Dodging
  1265 | D:3      | Reached skill level 1 in Stealth
  1265 | D:3      | Reached skill level 1 in Unarmed Combat
  1265 | D:3      | Reached skill level 1 in Spellcasting
  1265 | D:3      | Reached skill level 1 in Evocations
  1360 | D:3      | Noticed an ogre
  1367 | D:3      | Killed an ogre
  1368 | D:3      | Reached skill level 1 in Conjurations
  1368 | D:3      | Reached skill level 1 in Hexes
  1368 | D:3      | Reached skill level 1 in Summonings
  1368 | D:3      | Reached skill level 1 in Necromancy
  1368 | D:3      | Reached skill level 1 in Translocations
  1368 | D:3      | Reached skill level 1 in Transmutations
  1368 | D:3      | Reached skill level 1 in Fire Magic
  1368 | D:3      | Reached skill level 1 in Ice Magic
  1368 | D:3      | Reached skill level 1 in Air Magic
  1368 | D:3      | Reached skill level 1 in Earth Magic
  1368 | D:3      | Reached skill level 1 in Poison Magic
  1368 | D:3      | Reached XP level 4. HP: 30/41 MP: 4/6
  1368 | D:3      | Reached XP level 5. HP: 34/47 MP: 4/7
  1631 | D:3      | You fall into a shaft and drop 2 floors!
  1631 | D:5      | Entered Level 5 of the Dungeon
  1634 | D:5      | Noticed an ice beast
  1636 | D:5      | Noticed a black bear
  1664 | D:5      | Found a glowing drain.
  1682 | Sewer    | Entered a sewer
  1781 | Sewer    | Noticed a water moccasin
  1800 | Sewer    | Killed a water moccasin
  1801 | Sewer    | Reached skill level 5 in Axes
  1801 | Sewer    | Reached XP level 6. HP: 52/53 MP: 8/8
  1986 | D:5      | Learned a level 2 spell: Ensorcelled Hibernation
  2093 | D:5      | Killed an ice beast
  2094 | D:5      | Reached XP level 7. HP: 37/60 MP: 10/10
  2654 | D:4      | Noticed Ijyb
  2695 | D:3      | Killed Ijyb
  3117 | D:4      | Noticed Sigmund
  3119 | D:4      | Killed Sigmund
  3139 | D:4      | Found a staircase to the Ecumenical Temple.
  3149 | Temple   | Entered the Ecumenical Temple
  3187 | Temple   | Became a worshipper of Gozag Ym Sagoz the Greedy
  3316 | D:4      | Found Imaziq's Jewellery Shop.
  3397 | D:4      | Reached XP level 8. HP: 67/67 MP: 12/12
  3850 | D:5      | Learned a level 3 spell: Mephitic Cloud
  3896 | D:5      | Found a runed translucent door.
  3897 | D:5      | Noticed Crazy Yiuf
  4012 | D:5      | Noticed a two-headed ogre
  5022 | D:6      | Found Yraecsok's Armour Emporium.
  5291 | D:5      | Found a shadowy altar of Dithmenos.
  5436 | D:4      | Bought an amulet of regeneration for 300 gold pieces
  5615 | D:6      | Found an iron altar of Okawaru.
  5615 | D:6      | Found a blossoming altar of Fedhas.
  5615 | D:6      | Found a glowing golden altar of the Shining One.
  5839 | D:7      | Reached XP level 9. HP: 73/73 MP: 14/14
  5842 | D:7      | Identified the +1 whip of the Coward {freeze, rF+ Dex+3}
  5963 | D:7      | Reached skill level 5 in Invocations
  6356 | D:8      | Noticed Joseph
  6367 | D:8      | Killed Joseph
  6473 | D:8      | Found a radiant altar of Vehumet.
  6740 | D:8      | Found a sacrificial altar of Ru.
  6754 | D:8      | Found a runed translucent gate.
  6754 | D:8      | Found a runed translucent gate.
  6754 | D:8      | Found a runed translucent gate.
  6755 | D:8      | Found an opulent altar of Gozag.
  6755 | D:8      | Noticed a two-headed ogre
  6756 | D:8      | Noticed deadleaves's ghost (novice DESu)
  6868 | D:8      | Reached XP level 10. HP: 67/80 MP: 17/17
  7297 | D:9      | Reached skill level 5 in Short Blades
  7297 | D:9      | Reached skill level 5 in Long Blades
  7297 | D:9      | Reached skill level 5 in Maces & Flails
  7297 | D:9      | Reached skill level 5 in Polearms
  7297 | D:9      | Reached skill level 5 in Staves
  7297 | D:9      | Reached skill level 5 in Slings
  7297 | D:9      | Reached skill level 5 in Bows
  7297 | D:9      | Reached skill level 5 in Crossbows
  7297 | D:9      | Reached skill level 5 in Throwing
  7297 | D:9      | Reached skill level 5 in Dodging
  7297 | D:9      | Reached skill level 5 in Stealth
  7297 | D:9      | Reached skill level 5 in Unarmed Combat
  7297 | D:9      | Reached skill level 5 in Spellcasting
  7297 | D:9      | Reached skill level 5 in Evocations
  7782 | D:9      | HP: 1/82 [swamp worm (19)]
  8001 | D:10     | Entered Level 10 of the Dungeon
  8115 | D:10     | Noticed a cyclops
  8162 | D:10     | Killed a cyclops
  8228 | D:10     | Found a snail-covered altar of Cheibriados.
  8373 | D:10     | Reached XP level 11. HP: 72/87 MP: 19/19
  8603 | D:10     | Reached skill level 5 in Conjurations
  8603 | D:10     | Reached skill level 5 in Hexes
  8603 | D:10     | Reached skill level 5 in Summonings
  8603 | D:10     | Reached skill level 5 in Necromancy
  8603 | D:10     | Reached skill level 5 in Translocations
  8603 | D:10     | Reached skill level 5 in Transmutations
  8603 | D:10     | Reached skill level 5 in Fire Magic
  8603 | D:10     | Reached skill level 5 in Ice Magic
  8603 | D:10     | Reached skill level 5 in Air Magic
  8603 | D:10     | Reached skill level 5 in Earth Magic
  8603 | D:10     | Reached skill level 5 in Poison Magic
  9038 | D:11     | Found a staircase to the Lair.
  9665 | D:11     | Found a staircase to the Orcish Mines.
  9829 | D:11     | Noticed a two-headed ogre
  9841 | D:11     | Killed a two-headed ogre
  9958 | D:11     | Found Leuzyx's Jewellery Boutique.
  9986 | D:11     | Bought the ring "Siashuu" {rPois Int+4} for 601 gold pieces
 10063 | D:11     | Found Uhiqy's Jewellery Boutique.
 10080 | D:11     | Noticed a two-headed ogre
 10089 | D:11     | Killed a two-headed ogre
 10130 | D:11     | Found a portal to a secret trove of treasure.
 10503 | D:12     | Noticed a centaur warrior
 10507 | D:12     | Killed a centaur warrior
 10624 | D:12     | Noticed a skeletal warrior
 10696 | D:11     | Slain by a skeletal warrior

Illustrated notes

Levels and vault maps discovered:
D:1:      tarquinn_simple_flora_water_a, layout_rooms, serial_shops, shop
D:2:      layout_rooms, hellmonk_ecumenical_altar_lost_god, serial_undead,
          serial_undead_f, serial_undead_c, serial_undead_c, serial_undead_e,
          serial_undead_b
D:3:      layout_loops_ring
D:4:      layout_basic, temple_statues, serial_shops, shop,
          kennysheep_generic_room_5, uniq_ijyb, uniq_sigmund
D:5:      layout_basic, mainiacjoe_overflow_surrounded_room,
          gup_sewer_entry_pipe, uniq_crazy_yiuf_cottage
D:6:      layout_loops_corners, gammafunk_temple_overflow_claw, serial_shops,
          nicolae_shop_trees
D:7:      layout_rooms
D:8:      layout_basic, vehumet_altar_wand_db, hangedman_ru_absence,
          ebering_ghost_gozag, uniq_joseph
D:9:      layout_roguey, worms_lemuel
D:10:     layout_small_grid, marbit_many_paths, serial_ice, serial_ice_n,
          serial_ice_d, serial_ice_f, serial_ice_e, serial_ice_l, serial_ice_m
D:11:     layout_irregular_city, erik_lair_orcish_takeover, zombieorc2_lemuel,
          nicolae_trove_entry_crystal, serial_shops, nicolae_shop_crystal,
          nicolae_shop_advertising_works [nicolae_subvault_shop_adworks]
D:12:     layout_gridville, nicolae_inconvenience_store
Temple:   bh_familiar_temple

Skill      XL: |  1  2  3  4  5  6  7  8  9 10 11 |
---------------+----------------------------------+-----
Invocations    | 1 2 3 4 6 8 9 |  9.7
Short Blades   | 1 2 3 4 5 6 |  6.7
Long Blades    | 1 2 3 4 5 6 |  6.7
Maces & Flails | 1 2 3 4 5 6 |  6.7
Polearms       | 1 2 3 4 5 6 |  6.7
Staves         | 1 2 3 4 5 6 |  6.7
Slings         | 1 2 3 4 5 6 |  6.7
Bows           | 1 2 3 4 5 6 |  6.7
Crossbows      | 1 2 3 4 5 6 |  6.7
Throwing       | 1 2 3 4 5 6 |  6.7
Dodging        | 1 2 3 4 5 6 |  6.7
Stealth        | 1 2 3 4 5 6 |  6.7
Unarmed Combat | 1 2 3 4 5 6 |  6.7
Spellcasting   | 1 2 3 4 5 6 |  6.7
Evocations     | 1 2 3 4 5 6 |  6.7
Conjurations   | 1 2 3 4 5 |  5.5
Hexes          | 1 2 3 4 5 |  5.5
Summonings     | 1 2 3 4 5 |  5.5
Necromancy     | 1 2 3 4 5 |  5.5
Translocations | 1 2 3 4 5 |  5.5
Transmutations | 1 2 3 4 5 |  5.5
Fire Magic     | 1 2 3 4 5 |  5.5
Ice Magic      | 1 2 3 4 5 |  5.5
Air Magic      | 1 2 3 4 5 |  5.5
Earth Magic    | 1 2 3 4 5 |  5.5
Poison Magic   | 1 2 3 4 5 |  5.5
Axes           | 5 6 7 8 |  8.2
Fighting       | 7 8 9 |  9.4
Armour         | 7 8 9 |  9.4
Shields        | 7 8 9 |  9.4

Action                   |  1- 3 |  4- 6 |  7- 9 | 10-12 || total
-------------------------+-------+-------+-------+-------++-------
Melee: War axe           |    36 |    81 |   286 |       ||   403
       Bite              |    18 |     6 |    39 |    55 ||   118
       Short sword       |   113 |    11 |       |    15 ||   139
       Quarterstaff      |       |       |    32 |   313 ||   345
       Punch             |       |       |       |     2 ||     2
Throw: Dart              |       |     3 |       |     1 ||     4
 Cast: Ensorcelled Hiber |       |       |     1 |       ||     1
Evoke: Wand              |       |       |    13 |    15 ||    28
  Use: Potion            |     1 |     1 |     1 |     4 ||     7
       Scroll            |       |    10 |    12 |     7 ||    29
 Stab: Distracted        |       |       |     1 |     7 ||     8
       Paralysed         |       |       |       |    10 ||    10
       Sleeping          |       |       |       |     1 ||     1
Armor: Scale mail        |    75 |    48 |   147 |   117 ||   387
       Skin              |       |    13 |       |       ||    13
Dodge: Dodged            |    43 |    30 |   162 |   164 ||   399
Block: Buckler           |    43 |    27 |   100 |       ||   170

Table legend: (Time is in decaauts)
 A = Elapsed time spent in this place.
 B = Non-inter-level travel time spent in this place.
 C = Inter-level travel time spent in this place.
 D = Time resting spent in this place.
 E = Time spent auto-exploring this place.
 F = Levels seen in this place.
 G = Mean time per level.
                   A        B        C        D        E       F      G
               +--------+--------+--------+--------+--------+-----+--------+
         Total |  10836 |  10152 |    684 |    969 |   6243 |  14 |  774.0 |
       Dungeon |  10468 |   9806 |    662 |    864 |   6069 |  12 |  872.3 |
        Temple |     60 |     38 |     22 |      0 |     31 |   1 |   60.0 |
         Sewer |    307 |    307 |      0 |    105 |    143 |   1 |  307.0 |
               +--------+--------+--------+--------+--------+-----+--------+

Top non-repeatable levels by time:
    D:11: 1347 daAuts
     D:4: 1234 daAuts
     D:6: 1186 daAuts
    D:10: 1056 daAuts
     D:3: 1032 daAuts
     D:9: 1013 daAuts
     D:5: 945 daAuts
     D:8: 743 daAuts
     D:7: 662 daAuts
     D:1: 580 daAuts
     D:2: 473 daAuts
   Sewer: 307 daAuts
    D:12: 191 daAuts
  Temple: 60 daAuts
